 Dungeon Sprint DCSS version 0.26-a0-660-gc07710193c (webtiles) character file.

Game seed: 18280380071057053923

535 sahdkjhfkaj the Destroyer (level 7, -10/41 HPs)
             Began as an Octopode Conjurer on Oct 8, 2020.
             Was an Initiate of Gozag.
             Mangled by a two-headed ogre
             ... wielding a +2 dire flail of protection
              (23 damage)
             ... in the Dungeon (Sprint IX: "|||||||||||||||||||||||||||||").
             The game lasted 00:00:52 (569 turns).

sahdkjhfkaj the Destroyer (Octopode Conjurer)        Turns: 569, Time: 00:00:52

Health: -10/41     AC:  1    Str: 13    XL:     7   Next: 25%
Magic:  8/18       EV: 13    Int: 22    God:    Gozag
Gold:   306        SH:  0    Dex: 10    Spells: 19/22 levels left

rFire    . . .     SeeInvis .   j - +2 scimitar (holy)
rCold    . . .     Faith    .   (no shield)
rNeg     . . .     Spirit   .   (helmet restricted)
rPois    .         Reflect  .   (no amulet)
rElec    .         Harm     .   k - +3 ring of strength
rCorr    .         Rampage  .   l - +3 ring of strength
MR       .....     NoTele   +   (no ring)
Stlth    +++.......             (no ring)
HPRegen  0.13/turn              (no ring)
MPRegen  0.16/turn              (no ring)
                                (no ring)
                                (no ring)

@: gold aura
A: almost no armour, stealthy swim, amphibious, 8 rings, constrict 8, camouflage
1, gelatinous body 1
a: Potion Petition, Call Merchant, Bribe Branch, Renounce Religion


You were in the Dungeon.
You worshipped Gozag.
Gozag was aware of your devotion.
You visited 1 branch You collected 306 gold pieces.

Inventory:

Hand Weapons
 j - a +2 scimitar of holy wrath (weapon)
Jewellery
 k - a +3 ring of strength (left tentacle)
 l - a +3 ring of strength (right tentacle)
Wands
 i - a wand of iceblast (10)
Scrolls
 f - 3 scrolls of remove curse
 g - 2 scrolls of blinking
 h - 2 scrolls of amnesia
Potions
 a - a potion of invisibility
 b - 5 potions of curing
 c - 3 potions of heal wounds
 d - a potion of haste
 e - 4 potions of magic


   Skills:
 - Level 2.0 Dodging
 - Level 2.6 Stealth
 + Level 8.3 Spellcasting
 * Level 12.6 Conjurations


You had 19 spell levels left.
You knew the following spells:

 Your Spells              Type           Power        Failure   Level
a - Magic Dart            Conj           ####         1%          1
b - Searing Ray           Conj           ######       1%          2

Your spell library contained the following spells:

 Spells                   Type           Power        Failure   Level
 Dazzling Flash           Conj/Hex       #####.       1%          3
 Fulminant Prism          Conj/Hex       #####.....   5%          4
 Iskenderun's Mystic Bla  Conj/Tloc      #####...     5%          4


Dungeon Overview and Level Annotations

Branches:
Dungeon (1/1)

Altars:
Cheibriados
Dithmenos
Elyvilon
Fedhas
Gozag
Hepliaklqana
Kikubaaqudgha
Makhleb
Nemelex Xobeh
Okawaru
Qazlal
Ru
Sif Muna
Trog
Uskayaw
Vehumet
Wu Jian
Xom
Yredelemnul
Zin
The Shining One
Beogh
Jiyva
Lugonu


Innate Abilities, Weirdness & Mutations

You cannot wear most types of armour.
You are very stealthy in the water. (Stealth+)
You are amphibious.
You can wear up to eight rings at the same time.
You can use your tentacles to constrict eight enemies at once.
Your skin changes colour to match your surroundings (Stealth+).
Your rubbery body absorbs attacks. (AC +1, EV +1)


Message History

The searing ray hits the two-headed ogre.
The two-headed ogre is heavily wounded.
The searing ray hits the orc wizard!
The orc wizard is heavily wounded. (Press . to maintain the ray.)
The two-headed ogre hits you with a +2 dire flail of protection!
The two-headed ogre hits you with a +0 giant spiked club!
Unknown command.
The searing ray hits the two-headed ogre!
The two-headed ogre is heavily wounded.
The searing ray hits the orc wizard!!
You kill the orc wizard!
The searing ray misses the orc.
The two-headed ogre misses you.
You riposte.
You hit the two-headed ogre.
Your squeeze misses the two-headed ogre.
The two-headed ogre is severely wounded.
The two-headed ogre hits you with a +0 giant spiked club!!
Ouch! That really hurt!
You die...
Your body crumbles into a pile of gold. $$$$ $ $ $ $$$$$ $ ▓▓▓▓▓▓▓▓▓▓▓▓▓▓▓▓▓▓▓▓▓▓▓▓ ..).[[[..'))....@O$o...+ ▓▓▓▓▓▓▓▓▓▓▓▓▓▓▓▓▓▓▓▓▓▓▓▓

You could see a two-headed ogre and an orc.

Vanquished Creatures
  An orc warrior (D)
  An ice beast (D)
  A sky beast (D)
  A big kobold (D)
  A howler monkey (D)
  A jelly (D)
  An orc wizard (D)
  2 iguanas (D)
  A worker ant (D)
  An adder skeleton (D)
  2 dart slugs (D)
  A leopard gecko (D)
  A kobold (D)
  A ball python (D)
  A ball python zombie (D)
  A bat (D)
  A goblin (D)
  A quokka zombie (D)
20 creatures vanquished.

Notes
Turn   | Place    | Note
-------+----------+-------------------------------------------
     0 | D        | sahdkjhfkaj the Octopode Conjurer began the quest for the
                  | Orb.
     0 | D        | Reached XP level 1. HP: 11/11 MP: 3/3
   180 | D        | Reached skill level 5 in Conjurations
   272 | D        | Noticed a worker ant
   272 | D        | Noticed a sky beast
   279 | D        | Killed a worker ant
   279 | D        | Reached skill level 6 in Conjurations
   279 | D        | Reached XP level 2. HP: 17/17 MP: 3/6
   279 | D        | Reached XP level 3. HP: 21/21 MP: 4/8
   331 | D        | Learned a level 2 spell: Searing Ray
   335 | D        | Killed a sky beast
   335 | D        | Reached skill level 5 in Spellcasting
   335 | D        | Reached skill level 8 in Conjurations
   335 | D        | Reached XP level 4. HP: 27/27 MP: 4/11
   335 | D        | Reached XP level 5. HP: 31/31 MP: 4/12
   408 | D        | Found a roughly hewn altar of Beogh.
   408 | D        | Found a snail-covered altar of Cheibriados.
   408 | D        | Found a shadowy altar of Dithmenos.
   408 | D        | Found a white marble altar of Elyvilon.
   408 | D        | Found a blossoming altar of Fedhas.
   408 | D        | Found an opulent altar of Gozag.
   409 | D        | Found a hazy altar of Hepliaklqana.
   410 | D        | Found a viscous altar of Jiyva.
   411 | D        | Found an ancient bone altar of Kikubaaqudgha.
   412 | D        | Found a corrupted altar of Lugonu.
   413 | D        | Found a burning altar of Makhleb.
   414 | D        | Found a sparkling altar of Nemelex Xobeh.
   415 | D        | Found an iron altar of Okawaru.
   416 | D        | Became a worshipper of Gozag Ym Sagoz the Greedy
   417 | D        | Found a stormy altar of Qazlal.
   418 | D        | Found a sacrificial altar of Ru.
   419 | D        | Found a shimmering blue altar of Sif Muna.
   420 | D        | Found a bloodstained altar of Trog.
   421 | D        | Found a hide-covered altar of Uskayaw.
   422 | D        | Found a radiant altar of Vehumet.
   423 | D        | Found an ornate altar of the Wu Jian Council.
   424 | D        | Found a shimmering altar of Xom.
   425 | D        | Found a basalt altar of Yredelemnul.
   426 | D        | Found a glowing silver altar of Zin.
   427 | D        | Found a glowing golden altar of the Shining One.
   463 | D        | Noticed a big kobold
   463 | D        | Noticed an orc warrior
   466 | D        | Reached skill level 9 in Conjurations
   466 | D        | Reached skill level 10 in Conjurations
   468 | D        | Killed a big kobold
   468 | D        | Reached XP level 6. HP: 31/36 MP: 8/15
   469 | D        | Killed an orc warrior
   469 | D        | Reached skill level 11 in Conjurations
   562 | D        | Noticed an ice beast
   562 | D        | Noticed a two-headed ogre
   566 | D        | Reached skill level 12 in Conjurations
   567 | D        | Killed an ice beast
   567 | D        | Reached XP level 7. HP: 41/41 MP: 12/18
   569 | D        | Mangled by a two-headed ogre

Illustrated notes

Levels and vault maps discovered:
D:        linesprint [early_d, line_temple, items_1, d_10, items_2, lair_1,
          lair_end, items_3, orc_1, orc_end, items_4, d_15, swamp_1, shoals_1,
          snake_1, spider_1, d_20, vaults_1, items_5, swamp_end, shoals_end,
          snake_end, spider_end, vaults_end, d_27, items_6, zot_1, zot_end,
          crypt_end, forest_end, elf_end, slime_end, tomb_end, abyss_end,
          pan_hell_end]

Skill      XL: |  1  2  3  4  5  6 |
---------------+-------------------+-----
Conjurations   | 6 8 10 12 | 12.6
Spellcasting   | 3 5 6 8 |  8.3
Dodging        | |  2.0
Stealth        | |  2.6

Action                   |  1- 3 |  4- 6 |  7- 9 || total
-------------------------+-------+-------+-------++-------
Melee: Unarmed           |    12 |       |       ||    12
       Constrict         |     3 |       |       ||     3
 Cast: Magic Dart        |     7 |       |       ||     7
       Searing Ray       |     1 |     3 |     1 ||     5
  Use: Potion            |     1 |       |       ||     1
Armor: Skin              |     2 |       |       ||     2
Dodge: Dodged            |    13 |     4 |     1 ||    18
       Rpst.: Scimitar   |       |       |     1 ||     1

Table legend: (Time is in decaauts)
 A = Elapsed time spent in this place.
 B = Non-inter-level travel time spent in this place.
 C = Inter-level travel time spent in this place.
 D = Time resting spent in this place.
 E = Time spent auto-exploring this place.
 F = Levels seen in this place.
 G = Mean time per level.
                   A        B        C        D        E       F      G
               +--------+--------+--------+--------+--------+-----+--------+
         Total |    579 |    579 |      0 |     60 |    420 |   1 |  579.0 |
       Dungeon |    579 |    579 |      0 |     60 |    420 |   1 |  579.0 |
               +--------+--------+--------+--------+--------+-----+--------+

Top non-repeatable levels by time:
       D: 579 daAuts
